 Seeded DCSS version 0.29-a0-919-gd064cfad1c (webtiles) character file.

Game seed: 16022134512899868658 (custom seed)

299 mathmaestro the Grave Robber (level 6, -2/47 HPs)
             Began as a Demonspawn Necromancer on July 26, 2022.
             Slain by a phantom (7 damage)
             ... on level 4 of the Dungeon.
             The game lasted 00:06:35 (3633 turns).

mathmaestro the Grave Robber (DsNe)                 Turns: 3633, Time: 00:06:36

Health: -2/47      AC:  4    Str:  9    XL:     6   Next: 13%
Magic:  19/20      EV: 13    Int: 18    God:
Gold:   295        SH:  0    Dex: 13    Spells: 10/11 levels left

rFire   . . .      SeeInvis +   c - +0 dagger
rCold   . . .      Faith    .   (no shield)
rNeg    . . .      Spirit   .   u - +0 leather armour
rPois   .          Reflect  .   (no helmet)
rElec   .          Harm     .   (no cloak)
rCorr   .          Rampage  .   (no gloves)
Will    .....                   k - +0 pair of boots
Stlth   ++........              (no amulet)
HPRegen 0.15/turn               p - ring of magical power
MPRegen 0.17/turn               a - ring of see invisible

@: hasted, very quick
A: repulsion field 1, powered by death 1
a: no special abilities


You were on level 4 of the Dungeon.
You visited 1 branch of the dungeon, and saw 4 of its levels.

You collected 295 gold pieces.

Inventory:

Hand Weapons
 c - a +0 dagger (weapon)
Armour
 k - a +0 pair of boots (worn)
 u - a +0 leather armour (worn)
Jewellery
 a - a ring of see invisible (right hand)
 p - a ring of magical power (left hand)
Wands
 q - a wand of flame (10)
Scrolls
 d - a scroll of magic mapping {unknown}
 g - 3 scrolls of identify {unknown}
 m - 2 scrolls of summoning {unknown}
 n - a scroll of enchant armour {unknown}
 r - a scroll of torment {unknown}
 s - a scroll of poison {unknown}
 t - a scroll of vulnerability {unknown}
 w - a scroll of immolation {unknown}
 y - a scroll of amnesia {unknown}
Potions
 b - a potion of magic
 e - a potion of flight {unknown}
 f - a potion of attraction {unknown}
 h - a potion of haste
 i - a potion of curing {unknown}
 j - a potion of might {unknown}
 l - a potion of mutation {unknown}
 o - 2 potions of ambrosia {unknown}
 v - a potion of lignification {unknown}
 x - a potion of degeneration {unknown}


   Skills:
 + Level 3.0 Fighting
 + Level 1.9 Armour
 - Level 2.0 Dodging
 - Level 2.0 Stealth
 + Level 3.4 Spellcasting
 + Level 5.6 Necromancy


You had 10 spell levels left.
You knew the following spells:

 Your Spells              Type           Power      Damage    Failure   Level
a - Necrotise             Necr           92%        1d8       1%          1

Your spell library contained the following spells:

 Spells                   Type           Power      Damage    Failure   Level
 Vampiric Draining        Necr           23%        2d7       6%          3
 Animate Dead             Necr           23%        N/A       21%         4
 Agony                    Necr           23%        N/A       50%         5


Dungeon Overview and Level Annotations

Branches:
Dungeon (4/15)
 Temple: D:4-7

Altars:
Dithmenos


Innate Abilities, Weirdness & Mutations

You are surrounded by a mild repulsion field. (EV +2)
You regenerate a little health from kills.


Message History

You closely miss the phantom.
The phantom is heavily damaged.
The phantom closely misses you.
You hit the phantom.
The phantom is severely damaged.
The phantom hits you.
You barely miss the phantom.
The phantom is severely damaged.
Your kobold skeleton barely misses the phantom.
The phantom closely misses you.
You closely miss the phantom.
The phantom is severely damaged.
Your kobold skeleton barely misses the phantom.
The phantom hits you.
The phantom blinks!
You blink.
You closely miss the phantom.
The phantom is severely damaged.
The phantom hits you.
The phantom blinks!
You blink.
You hit the phantom but do no damage.
The phantom is severely damaged.
Your kobold skeleton crumbles into dust!
The phantom hits you.
The phantom blinks!
You blink.
Found 10 gold pieces and a coppery potion.
You hit the phantom.
The phantom is almost destroyed.
The phantom closely misses you.
You closely miss the phantom.
The phantom is almost destroyed.
Your iguana skeleton crumbles into dust!
The phantom closely misses you.
You closely miss the phantom.
The phantom is almost destroyed.
The phantom hits you.
* * * LOW HITPOINT WARNING * * *
You closely miss the phantom.
The phantom is almost destroyed.
The phantom hits you!
* * * LOW HITPOINT WARNING * * *
The phantom blinks!
You blink.
It was a potion of haste.
You feel yourself speed up. The phantom hits you!
You die...

# .# ..# #.##
###..#$
####...##.##
######.§§.###...###
......§)..)...⌠.@W#
.#####....###...###
.#...####...##.##
...####.###..#!
........####.##
#....<.....#..#
#...#########.#
#...# #....#.#
#...####.####..


You could see a phantom.

Vanquished Creatures
  Sigmund (D:2)
  An iguana (D:4)
  A hound zombie (D:4)
  An adder (D:2)
  An ufetubus (D:4)
  An adder zombie (D:4)
  4 dart slugs (D:1)
  An orc (D:3)
  4 endoplasms
  3 giant cockroaches
  10 goblins
  8 hobgoblins
  4 jackals (D:1)
  3 quokkas
  3 ball pythons
  7 bats
  2 frilled lizards
  4 kobolds
  4 rats
63 creatures vanquished.

Vanquished Creatures (collateral kills)
  2 dart slugs (D:1)
  An endoplasm (D:1)
3 creatures vanquished.

Grand Total: 66 creatures vanquished

Notes
Turn   | Place    | Note
-------+----------+-------------------------------------------
     0 | D:1      | mathmaestro the Demonspawn Necromancer began the quest for
                  | the Orb.
     0 | D:1      | Reached XP level 1. HP: 13/13 MP: 3/3
   289 | D:1      | Gained mutation: You are surrounded by a mild repulsion
                  | field. (EV +2) [demonic ancestry]
   289 | D:1      | Reached XP level 2. HP: 12/20 MP: 0/5
   554 | D:1      | Found a faded altar of an unknown god.
   760 | D:1      | Reached skill level 1 in Fighting
   926 | D:1      | Reached XP level 3. HP: 23/26 MP: 1/6
  2058 | D:2      | Reached skill level 5 in Necromancy
  2095 | D:2      | Reached XP level 4. HP: 33/33 MP: 8/8
  2202 | D:2      | You fall into a shaft and drop 1 floor!
  2510 | D:2      | Noticed Sigmund
  2516 | D:2      | Killed Sigmund
  2517 | D:2      | Reached skill level 1 in Armour
  2517 | D:2      | Gained mutation: You regenerate a little health from kills.
                  | [demonic ancestry]
  2517 | D:2      | Reached XP level 5. HP: 32/39 MP: 9/9
  2843 | D:3      | Found a shadowy altar of Dithmenos.
  3458 | D:4      | Reached XP level 6. HP: 34/46 MP: 11/11
  3633 | D:4      | Slain by a phantom

Illustrated notes

Levels and vault maps discovered:
D:1:      amcnicky_arrival_feature_with_door, layout_basic,
          shapermc_ecumenical_altar_venn
D:2:      layout_basic, grunt_ministairs_15, uniq_sigmund
D:3:      layout_rooms, mainiacjoe_overflow_paths, nicolae_hexahallways,
          lemuel_old_faithful
D:4:      minmay_general_purpose_star, layout_loops_ring, serial_undead,
          serial_undead_c, serial_undead_c, serial_undead_a, serial_undead_b,
          serial_undead_d, nicolae_ossuary_entry_false_entrances

Skill      XL: |  1  2  3  4  5  6 |
---------------+-------------------+-----
Dodging        | 2 |  2.0
Stealth        | 2 |  2.0
Fighting       | 1 2 3 |  3.0
Necromancy     | 5 |  5.6
Armour         | 1 |  1.9
Spellcasting   | 3 |  3.4

Action                   |  1- 3 |  4- 6 || total
-------------------------+-------+-------++-------
Melee: Unarmed           |     5 |       ||     5
       Dagger            |    24 |    73 ||    97
       Punch             |       |     1 ||     1
 Cast: Necrotise         |    73 |    43 ||   116
  Use: Potion            |       |     1 ||     1
 Stab: Sleeping          |     3 |     1 ||     4
Armor: Robe              |    11 |     1 ||    12
       Leather armour    |       |    22 ||    22
Dodge: Dodged            |    37 |    64 ||   101

Table legend: (Time is in decaauts)
 A = Elapsed time spent in this place.
 B = Non-inter-level travel time spent in this place.
 C = Inter-level travel time spent in this place.
 D = Time resting spent in this place.
 E = Time spent auto-exploring this place.
 F = Levels seen in this place.
 G = Mean time per level.
                   A        B        C        D        E       F      G
               +--------+--------+--------+--------+--------+-----+--------+
         Total |   3632 |   3549 |     83 |    549 |   2365 |   4 |  908.0 |
       Dungeon |   3632 |   3549 |     83 |    549 |   2365 |   4 |  908.0 |
               +--------+--------+--------+--------+--------+-----+--------+

Top non-repeatable levels by time:
     D:1: 1710 daAuts
     D:2: 961 daAuts
     D:3: 736 daAuts
     D:4: 224 daAuts
